 Dungeon Crawl Stone Soup version 0.29-a0-283-ga02f740833 (webtiles) character file.

Game seed: 13104488125921454427

391 PaleWalker the Poker (level 6, -4/46 HPs)
             Began as a Gnoll Wanderer on Mar 13, 2022.
             Was a Follower of Ashenzari.
             Slain by a yak (5 damage)
             ... on level 4 of the Dungeon.
             The game lasted 00:14:17 (4494 turns).

PaleWalker the Poker (Gnoll Wanderer)               Turns: 4494, Time: 00:14:18

Health: -4/46      AC:  3    Str: 11    XL:     6   Next: 80%
Magic:  12/12      EV: 12    Int: 17    God:    Ashenzari [*.....]
Gold:   144        SH:  0    Dex:  8    Spells: 5/13 levels left

rFire   . . .      SeeInvis .   a - +0 spear
rCold   . . .      Faith    .   (no shield)
rNeg    . . .      Spirit   .   d - +0 robe
rPois   .          Reflect  .   b - +0 helmet "Behold Eternity" {Comp, Melee} (curse)
rElec   .          Harm     .   (no cloak)
rCorr   .          Rampage  .   (no gloves)
Will    +....                   (no boots)
Stlth   ++........              k - amulet "Apathy of Ashenzari" {RegenMP, Self, Fort} (curse)
HPRegen 0.15/turn               e - ring of willpower
MPRegen 0.53/turn               (no ring)

@: no status effects
A: fangs 1, strong nose, distributed training
a: Renounce Religion, Shatter the Chains


You were on level 4 of the Dungeon.
You worshipped Ashenzari.
Ashenzari was aware of your devotion.
You visited 1 branch of the dungeon, and saw 4 of its levels.

You collected 144 gold pieces.

Inventory:

Hand Weapons
 a - a +0 spear (weapon)
 t - a +1 vampiric dagger
Armour
 b - the cursed +0 helmet "Behold Eternity" (worn) {Comp, Melee}

   It has a curse which improves the following skills: Companions: Summonings
   and Necromancy.
   Melee Combat: Short Blades, Long Blades, Axes, Maces & Flails, Polearms,
   Staves and Unarmed Combat.
 d - a +0 robe (worn)
Jewellery
 e - a ring of willpower (left hand)
 k - the cursed amulet "Apathy of Ashenzari" (around neck) {RegenMP, Self, Fort}
   (You found it on level 2 of the Dungeon)

   [amulet of magic regeneration]

   It increases your rate of magic regeneration.
   It has a curse which improves the following skills: Introspection: Fighting
   and Spellcasting.
   Fortitude: Armour and Shields.
Wands
 m - a wand of mindburst (4)
Scrolls
 c - 2 scrolls of summoning
 g - 2 scrolls of fog
 i - a scroll of enchant weapon
 j - 6 scrolls of identify
 l - a scroll of noise
 o - 2 scrolls of teleportation
 p - a scroll of brand weapon
 q - a scroll of amnesia
 r - a scroll of enchant armour
 u - a scroll of torment
Potions
 f - 3 potions of attraction
 h - 3 potions of ambrosia
 n - 3 potions of heal wounds
 s - 2 potions of flight
 v - a potion of resistance


   Skills:
 + Level 2.1(2.8) Fighting
 + Level 2.1(2.8) Short Blades
 + Level 2.1(2.8) Long Blades
 + Level 2.1(2.8) Axes
 + Level 2.1(2.8) Maces & Flails
 + Level 6.9(7.7) Polearms
 + Level 2.1(2.8) Staves
 + Level 2.1 Slings
 + Level 2.1 Bows
 + Level 2.1 Crossbows
 + Level 2.1 Throwing
 + Level 2.1(2.8) Armour
 + Level 2.1 Dodging
 + Level 4.7 Stealth
 + Level 2.1(2.8) Shields
 + Level 2.1(2.8) Unarmed Combat
 + Level 3.5(4.3) Spellcasting
 + Level 1.6 Conjurations
 + Level 1.6 Hexes
 + Level 1.6(2.3) Summonings
 + Level 1.6(2.3) Necromancy
 + Level 1.6 Translocations
 + Level 1.6 Transmutations
 + Level 5.7 Fire Magic
 + Level 1.6 Ice Magic
 + Level 1.6 Air Magic
 + Level 1.6 Earth Magic
 + Level 1.6 Poison Magic
 + Level 2.3 Invocations
 + Level 3.3 Evocations


You had 5 spell levels left.
You knew the following spells:

 Your Spells              Type           Power      Damage    Failure   Level
a - Foxfire               Conj/Fire      64%        2x1d7     3%          1
b - Conjure Flame         Conj/Fire      16%        6-21      10%         3
c - Ensorcelled Hibernat  Hex/Ice        18%        N/A       12%         2
d - Passwall              Tmut/Erth      7%         N/A       12%         2

Your spell library contained the following spells:

 Spells                   Type           Power      Damage    Failure   Level
 Spider Form              Tmut/Pois      9%         N/A       22%         3
 Swiftness                Air            9%         N/A       22%         3
 Sticky Flame             Conj/Fire      16%        2d4       32%         4
 Anguish                  Hex/Necr       5%         N/A       54%         4


Dungeon Overview and Level Annotations

Branches:
Dungeon (4/15)
 Temple: D:4-7

Altars:
Ashenzari
Makhleb
The Shining One

Shops:
D:3 *


Innate Abilities, Weirdness & Mutations

You have very sharp teeth.
Your uncanny sense of smell can sniff out nearby items.
Your experience applies equally to all skills.


Message History

You hit the yak.
The yak is severely wounded.
The yak gores you.
You hit the yak. You bite the yak, but do no damage.
The yak is severely wounded.
You feel sick.
A yak comes into view.
The yak barely misses you.
You barely miss the yak.
The yak is severely wounded.
You feel sick.
The yak bellows!
You closely miss the yak. Your bite misses the yak.
The yak is severely wounded.
You feel sick. The yak gores you.
You hit the yak.
The yak is severely wounded.
The yak gores you.
* * * LOW HITPOINT WARNING * * *
You hit the yak.
The yak is almost dead.
You feel sick.
You are no longer poisoned.
You hit the yak but do no damage.
The yak is almost dead.
The yak misses you.
You hit the yak.
The yak is almost dead.
The yak misses you.
You completely miss the yak.
The yak is almost dead.
You completely miss the yak.
The yak is almost dead.
The yak gores you!
* * * LOW HITPOINT WARNING * * *
You completely miss the yak. Your bite misses the yak.
The yak is almost dead.
A yak comes into view.
The yak gores you.
You die...

############
###############....#.....#
...................†.....####
..)....########....#........#
..............#....#.....##.#
..............#######'#+###.#
..............#######.......#
.........Y....YY@...÷......>#
..)....#†.....########......#
.......#......# ##'###.#
.......#......# ######..##.#
# .$.....########
#.......##.##.# ########
#.............
#......#.#.#####
#............... ∆
##+#.#.#....####


You could see 3 yaks.

Vanquished Creatures
  A phantom (D:4)
  A howler monkey (D:4)
  2 hounds
  3 iguanas (D:4)
  Robin (D:2)
  A gnoll (D:1)
  4 adders (D:4)
  2 worms
  7 orcs
  8 bats
  4 endoplasms
  2 giant cockroaches
  9 goblins
  10 hobgoblins
  3 jackals (D:2)
  3 quokkas
  3 ball pythons
  A frilled lizard (D:1)
  6 kobolds
  3 rats
74 creatures vanquished.

Vanquished Creatures (collateral kills)
  3 foxfires (D:1)
3 creatures vanquished.

Vanquished Creatures (others)
  117 foxfires
117 creatures vanquished.

Grand Total: 194 creatures vanquished

Notes
Turn   | Place    | Note
-------+----------+-------------------------------------------
     0 | D:1      | PaleWalker the Gnoll Wanderer began the quest for the Orb.
     0 | D:1      | PaleWalker set off with the following items: a +0 spear, a
                  | +0 helmet, a scroll of summoning, a +0 robe; and the
                  | following spell memorised: Foxfire; and the following
                  | spells available to memorise: Conjure Flame, Sticky Flame
     0 | D:1      | Reached XP level 1. HP: 13/13 MP: 4/4
     3 | D:1      | Noticed an electric eel
     4 | D:1      | Noticed an electric eel
   117 | D:1      | Found a faded altar of an unknown god.
   182 | D:1      | Reached XP level 2. HP: 19/19 MP: 2/5
   646 | D:1      | Reached XP level 3. HP: 25/25 MP: 5/7
  1220 | D:2      | Reached skill level 1 in Invocations
  1927 | D:3      | Found Xiumew's General Store.
  1943 | D:3      | Reached skill level 1 in Fighting
  1943 | D:3      | Reached skill level 1 in Short Blades
  1943 | D:3      | Reached skill level 1 in Long Blades
  1943 | D:3      | Reached skill level 1 in Axes
  1943 | D:3      | Reached skill level 1 in Maces & Flails
  1943 | D:3      | Reached skill level 1 in Staves
  1943 | D:3      | Reached skill level 1 in Slings
  1943 | D:3      | Reached skill level 1 in Bows
  1943 | D:3      | Reached skill level 1 in Crossbows
  1943 | D:3      | Reached skill level 1 in Throwing
  1943 | D:3      | Reached skill level 1 in Armour
  1943 | D:3      | Reached skill level 1 in Dodging
  1943 | D:3      | Reached skill level 1 in Shields
  1943 | D:3      | Reached skill level 1 in Unarmed Combat
  1962 | D:3      | Noticed Robin
  1976 | D:3      | Reached XP level 4. HP: 27/32 MP: 1/8
  1997 | D:2      | Killed Robin
  2274 | D:3      | Found a glowing golden altar of the Shining One.
  2274 | D:3      | Found a faded altar of an unknown god.
  2281 | D:3      | Found a faded altar of an unknown god.
  2283 | D:3      | Found a burning altar of Makhleb.
  2284 | D:3      | Found a broken altar of Ashenzari.
  2307 | D:3      | Became a worshipper of Ashenzari the Shackled
  2457 | D:3      | Reached skill level 1 in Conjurations
  2457 | D:3      | Reached skill level 1 in Hexes
  2457 | D:3      | Reached skill level 1 in Summonings
  2457 | D:3      | Reached skill level 1 in Necromancy
  2457 | D:3      | Reached skill level 1 in Translocations
  2457 | D:3      | Reached skill level 1 in Transmutations
  2457 | D:3      | Reached skill level 1 in Ice Magic
  2457 | D:3      | Reached skill level 1 in Air Magic
  2457 | D:3      | Reached skill level 1 in Earth Magic
  2457 | D:3      | Reached skill level 1 in Poison Magic
  2885 | D:3      | Reached XP level 5. HP: 17/37 MP: 9/9
  3123 | D:4      | Learned a level 3 spell: Conjure Flame
  3337 | D:4      | Noticed a phantom
  3354 | D:4      | Killed a phantom
  3603 | D:4      | Reached XP level 6. HP: 44/44 MP: 5/11
  4445 | D:4      | Learned a level 2 spell: Ensorcelled Hibernation
  4445 | D:4      | Reached * piety under Ashenzari
  4449 | D:4      | Learned a level 2 spell: Passwall
  4449 | D:4      | Noticed a yak
  4485 | D:4      | Noticed a yak
  4493 | D:4      | HP: 1/46 [yak (12)]
  4494 | D:4      | Noticed a yak
  4494 | D:4      | Slain by a yak

Illustrated notes

Levels and vault maps discovered:
D:1:      arrival_aquarium_b, layout_loops_cross, shapermc_ecumenical_altar_gd
D:2:      layout_basic, hangedman_decor_opposing, minmay_misc_feat_rows,
          serial_park_tiny_1
D:3:      layout_loops_cross, chequers_temple_overflow_minitemple, serial_shops,
          nicolae_diamond_shop, chequers_garden, chequers_serial_rivers_room_b,
          uniq_robin
D:4:      minmay_chambers_of_threes, layout_basic

Skill      XL: |  1  2  3  4  5  6 |
---------------+-------------------+-----
Invocations    | 1 2 |  2.3
Fighting       | 1 2 |  2.1
Short Blades   | 1 2 |  2.1
Long Blades    | 1 2 |  2.1
Axes           | 1 2 |  2.1
Maces & Flails | 1 2 |  2.1
Staves         | 1 2 |  2.1
Slings         | 1 2 |  2.1
Bows           | 1 2 |  2.1
Crossbows      | 1 2 |  2.1
Throwing       | 1 2 |  2.1
Armour         | 1 2 |  2.1
Dodging        | 1 2 |  2.1
Shields        | 1 2 |  2.1
Unarmed Combat | 1 2 |  2.1
Spellcasting   | 3 |  3.5
Conjurations   | 1 |  1.6
Hexes          | 1 |  1.6
Summonings     | 1 |  1.6
Necromancy     | 1 |  1.6
Translocations | 1 |  1.6
Transmutations | 1 |  1.6
Ice Magic      | 1 |  1.6
Air Magic      | 1 |  1.6
Earth Magic    | 1 |  1.6
Poison Magic   | 1 |  1.6
Evocations     | 3 |  3.3
Polearms       | |  6.9
Stealth        | |  4.7
Fire Magic     | |  5.7

Action                   |  1- 3 |  4- 6 || total
-------------------------+-------+-------++-------
Melee: Spear             |    62 |   208 ||   270
       Bite              |     3 |    21 ||    24
 Cast: Foxfire           |    41 |    37 ||    78
       Conjure Flame     |       |     5 ||     5
Invok: Curse Item        |       |     2 ||     2
 Stab: Sleeping          |     9 |     4 ||    13
       Distracted        |       |     1 ||     1
Armor: Robe              |     4 |    20 ||    24
Dodge: Dodged            |    22 |    78 ||   100

Table legend: (Time is in decaauts)
 A = Elapsed time spent in this place.
 B = Non-inter-level travel time spent in this place.
 C = Inter-level travel time spent in this place.
 D = Time resting spent in this place.
 E = Time spent auto-exploring this place.
 F = Levels seen in this place.
 G = Mean time per level.
                   A        B        C        D        E       F      G
               +--------+--------+--------+--------+--------+-----+--------+
         Total |   4430 |   4373 |     57 |     12 |   3673 |   4 | 1107.5 |
       Dungeon |   4430 |   4373 |     57 |     12 |   3673 |   4 | 1107.5 |
               +--------+--------+--------+--------+--------+-----+--------+

Top non-repeatable levels by time:
     D:4: 1345 daAuts
     D:1: 1155 daAuts
     D:3: 1130 daAuts
     D:2: 799 daAuts
